Devils vs Islanders

Created - 11 février 2018 at 09:38

Goals
1 2 3 T
Devils 0 0 0 0
Islanders 1 0 1 2
Shots
1 2 3 T
Devils 12 9 9 30
Islanders 16 6 15 37

1st period

1. Islanders , Erik Johnson 5 (Brian Boyle 19, Josh Anderson 8) at 18:23

Penalties :
Shayne Gostisbehere (NJD) for Slashing (Minor) at 2:08, Erik Johnson (NYI) for High sticking (Minor) at 8:01, Steven Santini (NYI) for Tripping (Minor) at 11:55, Adam Pardy (NJD) for Cross-checking (Minor) at 14:25

2nd period

No Goal

Penalties :
Josh Anderson (NYI) for Hooking (Minor) at 13:08, Jordan Staal (NJD) for Tripping (Minor) at 16:31

3rd period

2. Islanders , Tyler Bozak 19 (Andy Greene 18, Patrick Sharp 27) at 11:06

Penalties :
No Penalty

Goalie Stats

Michal Neuvirth (NJD), 35 saves from 37 shots - (0.946), L, 11-31-5, 60:00 minutes
Robin Lehner (NYI), 30 saves from 30 shots - (1.000), W, 9-9-1, 60:00 minutes

Players Stats for Devils

Player Name              G  A  P  +/- PIM S  H  SB GA TA FO     MP     PP MP  PK MP  
------------------------------------------------------------------------------------
Adam Pardy               0  0  0  -1  2   0  4  3  0  0  0/0    16:30   0:00   0:30 
Ales Hemsky              0  0  0  -1  0   1  0  0  0  0  0/1    10:23   0:00   0:00 
Anton Stralman           0  0  0  -1  0   2  2  1  0  0  0/0    22:41   3:12   3:10 
Boyd Gordon              0  0  0  -1  0   0  0  1  0  0  3/9    13:19   0:00   2:56 
Bryan Bickell            0  0  0   0  0   0  3  0  0  0  0/1    11:04   0:00   0:08 
Darren Helm              0  0  0   0  0   0  1  0  0  0  12/23  18:20   2:14   2:58 
Dougie Hamilton          0  0  0   0  0   4  2  1  0  0  0/0    21:34   2:45   3:03 
Drew Stafford            0  0  0   0  0   3  2  0  0  0  1/1    15:22   2:14   0:00 
Dustin Brown             0  0  0  -1  0   4  1  0  0  0  0/1    20:12   3:43   2:50 
Jordan Staal             0  0  0  -1  2   4  3  0  0  0  14/24  17:40   3:43   0:03 
Justin Schultz           0  0  0  -1  0   2  1  3  0  0  0/0    22:33   3:12   3:18 
Mike Cammalleri          0  0  0  -1  0   1  0  0  0  0  1/1    17:22   3:43   0:00 
Nikolay Kulemin          0  0  0   0  0   7  1  0  0  0  1/1    18:21   2:14   2:59 
Pavel Zacha              0  0  0   0  0   0  0  0  0  0  3/14   10:56   0:00   0:00 
Rocco Grimaldi           0  0  0   0  0   1  1  1  0  0  1/1    10:56   0:00   0:00 
Scott Wilson             0  0  0  -1  0   1  0  1  0  0  0/0    10:23   0:00   0:00 
Shayne Gostisbehere      0  0  0   0  2   0  2  2  0  0  0/0    20:23   2:45   1:53 
Steven Kampfer           0  0  0  -1  0   0  2  0  0  0  0/0    16:01   0:00   0:00 

Players Stats for Islanders

Player Name              G  A  P  +/- PIM S  H  SB GA TA FO     MP     PP MP  PK MP  
------------------------------------------------------------------------------------
Andy Greene              0  1  1   1  0   1  0  2  0  0  0/0    21:14   2:54   3:27 
Brian Boyle              0  1  1   1  0   4  1  0  0  0  9/19   17:33   2:40   2:31 
Colin Wilson             0  0  0   1  0   2  0  0  0  0  3/10   18:20   2:40   3:26 
Erik Johnson             1  0  1   1  2   4  1  0  0  0  0/0    23:53   2:54   1:57 
Josh Anderson            0  1  1   1  2   0  2  0  0  0  0/0    14:53   2:40   0:00 
Josh Jooris              0  0  0   0  0   3  3  0  0  0  6/10   13:41   0:00   0:00 
Lars Eller               0  0  0   0  0   2  1  0  0  0  6/8     8:43   0:00   0:00 
Luca Sbisa               0  0  0   0  0   2  1  1  0  0  0/0    17:04   3:28   0:00 
Mark Fayne               0  0  0   0  0   0  0  0  0  0  0/0    17:37   0:09   3:04 
Markus Granlund          0  0  0   0  0   1  1  0  0  0  0/1    13:41   0:00   0:00 
Matt Read                0  0  0   0  0   2  0  0  0  0  0/2    13:41   0:00   0:00 
Patrick Sharp            0  1  1   1  0   5  1  0  0  0  0/0    20:53   3:17   3:26 
Pierre-Alexandr Parentea 0  0  0   1  0   1  2  0  0  0  0/1    19:39   3:17   2:28 
Roman Polak              0  0  0   0  0   0  1  0  0  0  0/0    21:03   2:29   3:15 
Sam Bennett              0  0  0   0  0   3  0  0  0  0  0/0     8:17   0:00   0:00 
Steven Santini           0  0  0   2  2   0  2  1  0  0  0/0    18:17   0:00   0:11 
Tyler Bozak              1  0  1   1  0   5  0  0  0  0  16/24  17:11   3:17   0:00 
Zack Kassian             0  0  0   0  0   2  1  0  0  0  1/2     8:20   0:00   0:03 

3 Stars

1 - Robin Lehner (NYI)
2 - Michal Neuvirth (NJD)
3 - Tyler Bozak (NYI)

Power Play

Devils - 0 on 3 Attempt(s) - 0.00%
Islanders - 0 on 3 Attempt(s) - 0.00%

Penalty Kill

Devils - 3 on 3 Attempt(s) - 100.00% - Score 0 goal in Penalty Kill
Islanders - 3 on 3 Attempt(s) - 100.00% - Score 0 goal in Penalty Kill

Team Stat

Devils - Hits : 25 - Faceoff Wins : 36 - Blocked Shots : 13 - Penalty Minutes : 6
Islanders - Hits : 17 - Faceoff Wins : 41 - Blocked Shots : 4 - Penalty Minutes : 6

Official

Referees : Chris Lee and Mike Hasenfratz
Linesman : Bryan Pancich and Trent Knorr

Game Notes

No Game Note

Finance

Level 1 -- Attendance: 6000 (100.00%) -- Ticket Income 678 000 $
Level 2 -- Attendance: 4576 (91.52%) -- Ticket Income 356 928 $
Level 3 -- Attendance: 2000 (100.00%) -- Ticket Income 144 000 $
Level 4 -- Attendance: 1753 (97.66%) -- Ticket Income 89 403 $
Luxury Box -- Attendance: 1000 (100.00%) -- Ticket Income 176 000 $
Game was played at the Barclays Center.
Total Attendance: 15329 (97.05%)
Total Ticket Income: 1 444 331 $
Other Income: 216 650 $
Total Income: 1 660 981 $

% Time on Ice - Devils

Lines # - Real PCT - Wanted PCT - Time Play
Normal Forward
1 - 28% - 30% - 13:39
2 - 27% - 30% - 13:08
3 - 22% - 20% - 10:23
4 - 23% - 20% - 10:56
Normal Defense
1 - 34% - 34% - 16:19
2 - 33% - 34% - 15:46
3 - 33% - 32% - 16:01
4 - 0% - 0% - 0:00
PP Forward
1 - 62% - 50% - 3:43
2 - 38% - 50% - 2:14
PP Defense
1 - 54% - 50% - 3:12
2 - 46% - 50% - 2:45
PK Forward
1 - 50% - 50% - 2:59
2 - 50% - 50% - 2:58
PK Defense
1 - 49% - 50% - 2:54
2 - 51% - 50% - 3:03
PK3 Forward
1 - 0% - 60%
2 - 0% - 40%
PK3 Defense
1 - 0% - 60%
2 - 0% - 40%
44 Forward
1 - 0% - 50%
2 - 0% - 50%
44 Defense
1 - 0% - 50%
2 - 0% - 50%
Last Minute Offensive  - 0:00
Last Minute Defensive  - 0:00
Total
Forward - 60:00
Defense - 60:00

% Time on Ice - Islanders

Lines # - Real PCT - Wanted PCT - Time Play
Normal Forward
1 - 29% - 40% - 13:54
2 - 25% - 30% - 12:14
3 - 28% - 20% - 13:41
4 - 17% - 10% - 8:17
Normal Defense
1 - 43% - 40% - 20:42
2 - 29% - 30% - 13:53
3 - 23% - 20% - 11:01
4 - 5% - 10% - 2:30
PP Forward
1 - 55% - 60% - 3:17
2 - 45% - 40% - 2:40
PP Defense
1 - 58% - 60% - 3:28
2 - 42% - 40% - 2:29
PK Forward
1 - 59% - 60% - 3:29
2 - 41% - 40% - 2:28
PK Defense
1 - 60% - 60% - 3:34
2 - 40% - 40% - 2:23
PK3 Forward
1 - 0% - 60%
2 - 0% - 40%
PK3 Defense
1 - 0% - 60%
2 - 0% - 40%
44 Forward
1 - 0% - 60%
2 - 0% - 40%
44 Defense
1 - 0% - 60%
2 - 0% - 40%
Last Minute Offensive  - 0:00
Last Minute Defensive  - 0:00
Total
Forward - 60:00
Defense - 60:00

Play by Play

1st period


0:01 of 1st period - Jordan Staal wins face-off versus Tyler Bozak in neutral zone.
0:04 of 1st period - Erik Johnson is hit by Dustin Brown and loses puck.
0:23 of 1st period - Dustin Brown is hit by Patrick Sharp and loses puck.
1:15 of 1st period - Shot by Brian Boyle.
1:15 of 1st period - Deflect By Colin Wilson.
1:15 of 1st period - Stopped by Michal Neuvirth without a rebound.
1:16 of 1st period - Josh Jooris wins face-off versus Boyd Gordon in Devils zone.
1:19 of 1st period - Shot by Matt Read.
1:19 of 1st period - Stopped by Michal Neuvirth with a rebound.
1:30 of 1st period - Off-side.
1:31 of 1st period - Lars Eller wins face-off versus Pavel Zacha in neutral zone.
1:33 of 1st period - Erik Johnson is hit by Shayne Gostisbehere and loses puck.
1:43 of 1st period - Shot by Lars Eller.
1:43 of 1st period - Shot Blocked by Rocco Grimaldi.
2:05 of 1st period - Icing by Rocco Grimaldi.
2:06 of 1st period - Josh Jooris wins face-off versus Pavel Zacha in Devils zone.
2:08 of 1st period - Minor Penalty to Shayne Gostisbehere for Slashing.
2:09 of 1st period - Nikolay Kulemin wins face-off versus Tyler Bozak in Devils zone.
2:17 of 1st period - Icing by Luca Sbisa.
2:18 of 1st period - Tyler Bozak wins face-off versus Darren Helm in Islanders zone.
3:17 of 1st period - Shot by Andy Greene.
3:17 of 1st period - Shot Misses the Net.
3:53 of 1st period - Shot by Erik Johnson.
3:53 of 1st period - Shot Blocked by Justin Schultz.
3:55 of 1st period - Shot by Luca Sbisa.
3:55 of 1st period - Stopped by Michal Neuvirth with a rebound.
3:57 of 1st period - Shot by Luca Sbisa.
3:57 of 1st period - Stopped by Michal Neuvirth without a rebound.
3:58 of 1st period - Darren Helm wins face-off versus Brian Boyle in Devils zone.
5:00 of 1st period - Shot by Lars Eller.
5:00 of 1st period - Stopped by Michal Neuvirth without a rebound.
5:01 of 1st period - Tyler Bozak wins face-off versus Jordan Staal in Devils zone.
5:10 of 1st period - Shot by Patrick Sharp.
5:10 of 1st period - Stopped by Michal Neuvirth without a rebound.
5:11 of 1st period - Brian Boyle wins face-off versus Darren Helm in Devils zone.
5:11 of 1st period - Josh Anderson is hit by Dougie Hamilton.
5:13 of 1st period - Shot by Brian Boyle.
5:13 of 1st period - Stopped by Michal Neuvirth without a rebound.
5:14 of 1st period - Jordan Staal wins face-off versus Brian Boyle in Devils zone.
5:16 of 1st period - Icing by Dustin Brown.
5:17 of 1st period - Tyler Bozak wins face-off versus Jordan Staal in Devils zone.
5:42 of 1st period - Shot by Andy Greene.
5:42 of 1st period - Shot Misses the Net.
6:28 of 1st period - Shot by Nikolay Kulemin.
6:28 of 1st period - Stopped by Robin Lehner with a rebound.
6:30 of 1st period - Shot by Nikolay Kulemin.
6:30 of 1st period - Stopped by Robin Lehner with a rebound.
6:32 of 1st period - Shot by Anton Stralman.
6:32 of 1st period - Stopped by Robin Lehner without a rebound.
6:33 of 1st period - Brian Boyle wins face-off versus Ales Hemsky in Islanders zone.
6:42 of 1st period - Shot by Scott Wilson.
6:42 of 1st period - Stopped by Robin Lehner without a rebound.
6:43 of 1st period - Josh Jooris wins face-off versus Pavel Zacha in Islanders zone.
6:43 of 1st period - Josh Jooris is hit by Rocco Grimaldi.
6:53 of 1st period - Shot by Matt Read.
6:53 of 1st period - Stopped by Michal Neuvirth without a rebound.
6:54 of 1st period - Brian Boyle wins face-off versus Boyd Gordon in Devils zone.
6:57 of 1st period - Shot by Josh Anderson.
6:57 of 1st period - Deflect By Colin Wilson.
6:57 of 1st period - Shot Hit the Post.
7:01 of 1st period - Shot by Colin Wilson.
7:01 of 1st period - Stopped by Michal Neuvirth without a rebound.
7:02 of 1st period - Darren Helm wins face-off versus Josh Jooris in Devils zone.
7:11 of 1st period - Drew Stafford is hit by Josh Jooris and loses puck.
7:20 of 1st period - Shot by Drew Stafford.
7:20 of 1st period - Shot Misses the Net.
7:24 of 1st period - Shot by Nikolay Kulemin.
7:24 of 1st period - Stopped by Robin Lehner with a rebound.
8:01 of 1st period - Shot by Ales Hemsky.
8:01 of 1st period - Stopped by Robin Lehner without a rebound.
8:01 of 1st period - Minor Penalty to Erik Johnson for High sticking.
8:02 of 1st period - Jordan Staal wins face-off versus Colin Wilson in Islanders zone.
9:05 of 1st period - Shot by Nikolay Kulemin.
9:05 of 1st period - Stopped by Robin Lehner without a rebound.
9:06 of 1st period - Jordan Staal wins face-off versus Colin Wilson in Islanders zone.
9:41 of 1st period - Icing by Jordan Staal.
9:42 of 1st period - Jordan Staal wins face-off versus Colin Wilson in Devils zone.
10:11 of 1st period - Shot by Zack Kassian.
10:11 of 1st period - Stopped by Michal Neuvirth without a rebound.
10:12 of 1st period - Pavel Zacha wins face-off versus Matt Read in Devils zone.
10:12 of 1st period - Pavel Zacha is hit by Josh Jooris.
10:19 of 1st period - Icing by Pavel Zacha.
10:20 of 1st period - Lars Eller wins face-off versus Pavel Zacha in Devils zone.
11:11 of 1st period - Dougie Hamilton is hit by Steven Santini.
11:32 of 1st period - Icing by Matt Read.
11:33 of 1st period - Boyd Gordon wins face-off versus Josh Jooris in Islanders zone.
11:43 of 1st period - Shot by Ales Hemsky.
11:43 of 1st period - Shot Misses the Net.
11:45 of 1st period - Shot by Anton Stralman.
11:45 of 1st period - Stopped by Robin Lehner with a rebound.
11:55 of 1st period - Minor Penalty to Steven Santini for Tripping.
11:56 of 1st period - Drew Stafford wins face-off versus Colin Wilson in Islanders zone.
12:17 of 1st period - Shot by Drew Stafford.
12:17 of 1st period - Shot Misses the Net.
12:19 of 1st period - Shot by Justin Schultz.
12:19 of 1st period - Stopped by Robin Lehner without a rebound.
12:20 of 1st period - Colin Wilson wins face-off versus Jordan Staal in Islanders zone.
12:33 of 1st period - Shot by Dougie Hamilton.
12:33 of 1st period - Stopped by Robin Lehner without a rebound.
12:34 of 1st period - Colin Wilson wins face-off versus Darren Helm in Islanders zone.
12:34 of 1st period - Colin Wilson is hit by Nikolay Kulemin.
12:54 of 1st period - Shot by Justin Schultz.
12:54 of 1st period - Stopped by Robin Lehner without a rebound.
12:55 of 1st period - Jordan Staal wins face-off versus Colin Wilson in Islanders zone.
13:22 of 1st period - Shot by Dougie Hamilton.
13:22 of 1st period - Shot Blocked by Andy Greene.
13:24 of 1st period - Shot by Shayne Gostisbehere.
13:24 of 1st period - Shot Misses the Net.
13:26 of 1st period - Shot by Dustin Brown.
13:26 of 1st period - Shot Misses the Net.
13:28 of 1st period - Shot by Jordan Staal.
13:28 of 1st period - Shot Blocked by Andy Greene.
13:40 of 1st period - Mark Fayne is hit by Jordan Staal and loses puck.
14:15 of 1st period - Josh Jooris is hit by Adam Pardy.
14:24 of 1st period - Matt Read is hit by Adam Pardy and loses puck.
14:25 of 1st period - Minor Penalty to Adam Pardy for Cross-checking.
14:26 of 1st period - Darren Helm wins face-off versus Tyler Bozak in Devils zone.
14:34 of 1st period - Off-side.
14:35 of 1st period - Darren Helm wins face-off versus Brian Boyle in neutral zone.
14:46 of 1st period - Shot by Erik Johnson.
14:46 of 1st period - Stopped by Michal Neuvirth without a rebound.
14:47 of 1st period - Tyler Bozak wins face-off versus Boyd Gordon in Devils zone.
14:47 of 1st period - Tyler Bozak is hit by Anton Stralman.
14:51 of 1st period - Shot by Andy Greene.
14:51 of 1st period - Deflect By Tyler Bozak.
14:51 of 1st period - Shot Misses the Net.
15:57 of 1st period - Shot by Luca Sbisa.
15:57 of 1st period - Shot Misses the Net.
16:14 of 1st period - Icing by Erik Johnson.
16:15 of 1st period - Brian Boyle wins face-off versus Boyd Gordon in Islanders zone.
16:25 of 1st period - Icing by Erik Johnson.
16:26 of 1st period - Lars Eller wins face-off versus Pavel Zacha in Islanders zone.
16:26 of 1st period - Lars Eller is hit by Bryan Bickell.
16:42 of 1st period - Shot by Lars Eller.
16:42 of 1st period - Stopped by Michal Neuvirth without a rebound.
16:43 of 1st period - Jordan Staal wins face-off versus Tyler Bozak in Devils zone.
16:43 of 1st period - Jordan Staal is hit by Pierre-Alexandr Parenteau.
16:48 of 1st period - Justin Schultz is hit by Roman Polak and loses puck.
17:08 of 1st period - Shot by Tyler Bozak.
17:08 of 1st period - Shot Misses the Net.
17:10 of 1st period - Shot by Roman Polak.
17:10 of 1st period - Deflect By Tyler Bozak.
17:10 of 1st period - Stopped by Michal Neuvirth without a rebound.
17:11 of 1st period - Darren Helm wins face-off versus Matt Read in Devils zone.
18:01 of 1st period - Ales Hemsky is hit by Markus Granlund and loses puck.
18:21 of 1st period - Shot by Brian Boyle.
18:21 of 1st period - Stopped by Michal Neuvirth with a rebound.
18:23 of 1st period - Shot by Erik Johnson.
18:23 of 1st period - Goal by Erik Johnson - Devils : 0 - Islanders : 1.
18:24 of 1st period - Tyler Bozak wins face-off versus Jordan Staal in neutral zone.
18:33 of 1st period - Justin Schultz is hit by Pierre-Alexandr Parenteau and loses puck.
18:45 of 1st period - Shot by Dustin Brown.
18:45 of 1st period - Shot Misses the Net.
18:47 of 1st period - Shot by Jordan Staal.
18:47 of 1st period - Deflect By Dustin Brown.
18:47 of 1st period - The goal is going for a video replay.
18:47 of 1st period - The goal is refused.
18:48 of 1st period - Brian Boyle wins face-off versus Pavel Zacha in Islanders zone.
18:48 of 1st period - Brian Boyle is hit by Bryan Bickell.
19:10 of 1st period - Shot by Pavel Zacha.
19:10 of 1st period - Shot Misses the Net.
19:12 of 1st period - Shot by Bryan Bickell.
19:12 of 1st period - Shot Misses the Net.
19:22 of 1st period - Shot by Brian Boyle.
19:22 of 1st period - Stopped by Michal Neuvirth with a rebound.
Goals for this period are 0 for Devils vs 1 for Islanders.
Shots for this period are 12 for Devils vs 16 for Islanders.

2nd period


0:01 of 2nd period - Jordan Staal wins face-off versus Pierre-Alexandr Parenteau in neutral zone.
0:28 of 2nd period - Shot by Mike Cammalleri.
0:28 of 2nd period - Shot Misses the Net.
1:13 of 2nd period - Erik Johnson is hit by Drew Stafford and loses puck.
2:15 of 2nd period - Shot by Sam Bennett.
2:15 of 2nd period - Shot Blocked by Justin Schultz.
2:39 of 2nd period - Shot by Rocco Grimaldi.
2:39 of 2nd period - Shot Misses the Net.
3:01 of 2nd period - Shot by Tyler Bozak.
3:01 of 2nd period - Shot Blocked by Adam Pardy.
3:16 of 2nd period - Shot by Tyler Bozak.
3:16 of 2nd period - Shot Misses the Net.
3:20 of 2nd period - Shot by Patrick Sharp.
3:20 of 2nd period - Stopped by Michal Neuvirth without a rebound.
3:21 of 2nd period - Darren Helm wins face-off versus Markus Granlund in Devils zone.
3:30 of 2nd period - Shot by Josh Jooris.
3:30 of 2nd period - Stopped by Michal Neuvirth without a rebound.
3:31 of 2nd period - Josh Jooris wins face-off versus Boyd Gordon in Devils zone.
3:31 of 2nd period - Matt Read is hit by Dougie Hamilton and loses puck.
3:42 of 2nd period - Shot by Josh Jooris.
3:42 of 2nd period - Shot Blocked by Dougie Hamilton.
4:37 of 2nd period - Shot by Nikolay Kulemin.
4:37 of 2nd period - Stopped by Robin Lehner without a rebound.
4:38 of 2nd period - Mike Cammalleri wins face-off versus Brian Boyle in Islanders zone.
5:28 of 2nd period - Icing by Roman Polak.
5:29 of 2nd period - Brian Boyle wins face-off versus Darren Helm in Islanders zone.
5:37 of 2nd period - Nikolay Kulemin is hit by Brian Boyle and loses puck.
6:26 of 2nd period - Icing by Patrick Sharp.
6:27 of 2nd period - Tyler Bozak wins face-off versus Jordan Staal in Islanders zone.
7:29 of 2nd period - Icing by Roman Polak.
7:30 of 2nd period - Lars Eller wins face-off versus Darren Helm in Islanders zone.
7:39 of 2nd period - Zack Kassian is hit by Adam Pardy and loses puck.
7:52 of 2nd period - Shot by Sam Bennett.
7:52 of 2nd period - Shot Blocked by Adam Pardy.
7:54 of 2nd period - Shot by Andy Greene.
7:54 of 2nd period - Stopped by Michal Neuvirth without a rebound.
7:55 of 2nd period - Boyd Gordon wins face-off versus Brian Boyle in Devils zone.
10:07 of 2nd period - Shot by Darren Helm.
10:07 of 2nd period - Shot Misses the Net.
10:13 of 2nd period - Shot by Drew Stafford.
10:13 of 2nd period - Stopped by Robin Lehner without a rebound.
10:14 of 2nd period - Lars Eller wins face-off versus Jordan Staal in Islanders zone.
10:31 of 2nd period - Jordan Staal is hit by Erik Johnson and loses puck.
10:50 of 2nd period - Shot by Mike Cammalleri.
10:50 of 2nd period - Stopped by Robin Lehner without a rebound.
10:51 of 2nd period - Tyler Bozak wins face-off versus Darren Helm in Islanders zone.
11:07 of 2nd period - Shot by Nikolay Kulemin.
11:07 of 2nd period - Stopped by Robin Lehner without a rebound.
11:08 of 2nd period - Brian Boyle wins face-off versus Pavel Zacha in Islanders zone.
12:35 of 2nd period - Icing by Luca Sbisa.
12:36 of 2nd period - Jordan Staal wins face-off versus Tyler Bozak in Islanders zone.
12:41 of 2nd period - Shot by Dustin Brown.
12:41 of 2nd period - Stopped by Robin Lehner without a rebound.
12:42 of 2nd period - Jordan Staal wins face-off versus Josh Jooris in Islanders zone.
13:00 of 2nd period - Markus Granlund is hit by Steven Kampfer and loses puck.
13:07 of 2nd period - Shot by Josh Jooris.
13:07 of 2nd period - Stopped by Michal Neuvirth without a rebound.
13:08 of 2nd period - Darren Helm wins face-off versus Brian Boyle in Devils zone.
13:08 of 2nd period - Minor Penalty to Josh Anderson for Hooking.
13:09 of 2nd period - Darren Helm wins face-off versus Colin Wilson in Islanders zone.
13:22 of 2nd period - Shot by Drew Stafford.
13:22 of 2nd period - Stopped by Robin Lehner without a rebound.
13:23 of 2nd period - Jordan Staal wins face-off versus Colin Wilson in Islanders zone.
13:26 of 2nd period - Shot by Dustin Brown.
13:26 of 2nd period - Deflect By Jordan Staal.
13:26 of 2nd period - Stopped by Robin Lehner with a rebound.
14:21 of 2nd period - Brian Boyle is hit by Drew Stafford and loses puck.
15:00 of 2nd period - Mark Fayne is hit by Jordan Staal and loses puck.
15:28 of 2nd period - Icing by Steven Kampfer.
15:29 of 2nd period - Pavel Zacha wins face-off versus Lars Eller in Devils zone.
15:46 of 2nd period - Shot by Rocco Grimaldi.
15:46 of 2nd period - Stopped by Robin Lehner with a rebound.
16:11 of 2nd period - Icing by Steven Santini.
16:12 of 2nd period - Zack Kassian wins face-off versus Darren Helm in Islanders zone.
16:17 of 2nd period - Steven Santini is hit by Darren Helm and loses puck.
16:30 of 2nd period - Shot by Nikolay Kulemin.
16:30 of 2nd period - Stopped by Robin Lehner without a rebound.
16:31 of 2nd period - Tyler Bozak wins face-off versus Jordan Staal in Islanders zone.
16:31 of 2nd period - Minor Penalty to Jordan Staal for Tripping.
16:32 of 2nd period - Tyler Bozak wins face-off versus Dustin Brown in Devils zone.
16:33 of 2nd period - Shot by Patrick Sharp.
16:33 of 2nd period - Shot Blocked by Shayne Gostisbehere.
16:35 of 2nd period - Shot by Patrick Sharp.
16:35 of 2nd period - Deflect By Pierre-Alexandr Parenteau.
16:35 of 2nd period - Stopped by Michal Neuvirth with a rebound.
17:07 of 2nd period - Pierre-Alexandr Parenteau is hit by Shayne Gostisbehere.
17:41 of 2nd period - Shot by Brian Boyle.
17:41 of 2nd period - Stopped by Michal Neuvirth with a rebound.
18:34 of 2nd period - Shot by Matt Read.
18:34 of 2nd period - Shot Misses the Net.
19:12 of 2nd period - Shot by Sam Bennett.
19:12 of 2nd period - Shot Blocked by Adam Pardy.
19:20 of 2nd period - Pavel Zacha is hit by Lars Eller and loses puck.
19:55 of 2nd period - Anton Stralman is hit by Josh Anderson and loses puck.
Goals for this period are 0 for Devils vs 0 for Islanders.
Shots for this period are 9 for Devils vs 6 for Islanders.

3rd period


0:01 of 3rd period - Tyler Bozak wins face-off versus Darren Helm in neutral zone.
0:15 of 3rd period - Shot by Darren Helm.
0:15 of 3rd period - Shot Misses the Net.
0:17 of 3rd period - Shot by Dougie Hamilton.
0:17 of 3rd period - Stopped by Robin Lehner with a rebound.
0:23 of 3rd period - Shot by Drew Stafford.
0:23 of 3rd period - Stopped by Robin Lehner with a rebound.
0:25 of 3rd period - Shot by Dougie Hamilton.
0:25 of 3rd period - Stopped by Robin Lehner without a rebound.
0:26 of 3rd period - Jordan Staal wins face-off versus Brian Boyle in Islanders zone.
0:37 of 3rd period - Shot by Jordan Staal.
0:37 of 3rd period - Shot Misses the Net.
0:39 of 3rd period - Shot by Dustin Brown.
0:39 of 3rd period - Stopped by Robin Lehner with a rebound.
0:41 of 3rd period - Shot by Mike Cammalleri.
0:41 of 3rd period - Shot Misses the Net.
0:43 of 3rd period - Shot by Jordan Staal.
0:43 of 3rd period - Stopped by Robin Lehner without a rebound.
0:44 of 3rd period - Boyd Gordon wins face-off versus Josh Jooris in Islanders zone.
0:59 of 3rd period - Shot by Ales Hemsky.
0:59 of 3rd period - Shot Misses the Net.
1:24 of 3rd period - Icing by Steven Kampfer.
1:25 of 3rd period - Tyler Bozak wins face-off versus Boyd Gordon in Devils zone.
1:26 of 3rd period - Shot by Patrick Sharp.
1:26 of 3rd period - Stopped by Michal Neuvirth without a rebound.
1:27 of 3rd period - Tyler Bozak wins face-off versus Darren Helm in Devils zone.
1:27 of 3rd period - Steven Santini is hit by Anton Stralman.
1:33 of 3rd period - Shot by Erik Johnson.
1:33 of 3rd period - Shot Misses the Net.
1:49 of 3rd period - Shot by Tyler Bozak.
1:49 of 3rd period - Stopped by Michal Neuvirth with a rebound.
1:51 of 3rd period - Shot by Erik Johnson.
1:51 of 3rd period - Stopped by Michal Neuvirth without a rebound.
1:52 of 3rd period - Brian Boyle wins face-off versus Jordan Staal in Devils zone.
2:09 of 3rd period - Shot by Jordan Staal.
2:09 of 3rd period - Shot Hit the Post.
2:11 of 3rd period - Shot by Dougie Hamilton.
2:11 of 3rd period - Stopped by Robin Lehner without a rebound.
2:12 of 3rd period - Tyler Bozak wins face-off versus Pavel Zacha in Islanders zone.
2:38 of 3rd period - Icing by Luca Sbisa.
2:39 of 3rd period - Darren Helm wins face-off versus Tyler Bozak in Islanders zone.
3:42 of 3rd period - Shot by Dustin Brown.
3:42 of 3rd period - Stopped by Robin Lehner with a rebound.
3:44 of 3rd period - Shot by Jordan Staal.
3:44 of 3rd period - Stopped by Robin Lehner with a rebound.
4:46 of 3rd period - Shot by Scott Wilson.
4:46 of 3rd period - Shot Misses the Net.
5:23 of 3rd period - Shot by Markus Granlund.
5:23 of 3rd period - Shot Misses the Net.
6:12 of 3rd period - Off-side.
6:13 of 3rd period - Jordan Staal wins face-off versus Tyler Bozak in neutral zone.
6:16 of 3rd period - Luca Sbisa is hit by Jordan Staal and loses puck.
6:23 of 3rd period - Shot by Jordan Staal.
6:23 of 3rd period - Shot Misses the Net.
6:25 of 3rd period - Shot by Dustin Brown.
6:25 of 3rd period - Shot Misses the Net.
6:41 of 3rd period - Shot by Dustin Brown.
6:41 of 3rd period - Shot Blocked by Luca Sbisa.
8:50 of 3rd period - Jordan Staal is hit by Luca Sbisa and loses puck.
9:55 of 3rd period - Shot by Tyler Bozak.
9:55 of 3rd period - Shot Misses the Net.
9:57 of 3rd period - Shot by Patrick Sharp.
9:57 of 3rd period - Shot Blocked by Scott Wilson.
10:03 of 3rd period - Shot by Tyler Bozak.
10:03 of 3rd period - Stopped by Michal Neuvirth without a rebound.
10:04 of 3rd period - Pavel Zacha wins face-off versus Brian Boyle in Devils zone.
10:13 of 3rd period - Shot by Colin Wilson.
10:13 of 3rd period - Shot Misses the Net.
10:22 of 3rd period - Off-side.
10:23 of 3rd period - Lars Eller wins face-off versus Darren Helm in neutral zone.
10:30 of 3rd period - Shot by Sam Bennett.
10:30 of 3rd period - Deflect By Lars Eller.
10:30 of 3rd period - Shot Blocked by Shayne Gostisbehere.
10:32 of 3rd period - Shot by Roman Polak.
10:32 of 3rd period - Deflect By Sam Bennett.
10:32 of 3rd period - Stopped by Michal Neuvirth with a rebound.
10:34 of 3rd period - Shot by Lars Eller.
10:34 of 3rd period - Shot Misses the Net.
10:36 of 3rd period - Shot by Andy Greene.
10:36 of 3rd period - Shot Misses the Net.
10:38 of 3rd period - Shot by Sam Bennett.
10:38 of 3rd period - Stopped by Michal Neuvirth without a rebound.
10:39 of 3rd period - Jordan Staal wins face-off versus Tyler Bozak in Devils zone.
11:02 of 3rd period - Shot by Patrick Sharp.
11:02 of 3rd period - Shot Misses the Net.
11:04 of 3rd period - Shot by Tyler Bozak.
11:04 of 3rd period - Stopped by Michal Neuvirth with a rebound.
11:06 of 3rd period - Shot by Andy Greene.
11:06 of 3rd period - Deflect By Tyler Bozak.
11:06 of 3rd period - Goal by Tyler Bozak - Devils : 0 - Islanders : 2.
11:07 of 3rd period - Darren Helm wins face-off versus Brian Boyle in neutral zone.
11:28 of 3rd period - Shot by Nikolay Kulemin.
11:28 of 3rd period - Shot Misses the Net.
12:16 of 3rd period - Shot by Scott Wilson.
12:16 of 3rd period - Shot Misses the Net.
12:34 of 3rd period - Anton Stralman is hit by Josh Anderson and loses puck.
13:13 of 3rd period - Patrick Sharp is hit by Justin Schultz.
13:48 of 3rd period - Icing by Andy Greene.
13:49 of 3rd period - Darren Helm wins face-off versus Zack Kassian in Islanders zone.
15:24 of 3rd period - Shot by Tyler Bozak.
15:24 of 3rd period - Shot Hit the Post.
15:26 of 3rd period - Shot by Andy Greene.
15:26 of 3rd period - Shot Blocked by Boyd Gordon.
15:46 of 3rd period - Icing by Bryan Bickell.
15:47 of 3rd period - Rocco Grimaldi wins face-off versus Brian Boyle in Devils zone.
15:54 of 3rd period - Shot by Sam Bennett.
15:54 of 3rd period - Stopped by Michal Neuvirth without a rebound.
15:55 of 3rd period - Tyler Bozak wins face-off versus Pavel Zacha in Devils zone.
15:58 of 3rd period - Shot by Pierre-Alexandr Parenteau.
15:58 of 3rd period - Shot Blocked by Justin Schultz.
16:00 of 3rd period - Shot by Patrick Sharp.
16:00 of 3rd period - Deflect By Pierre-Alexandr Parenteau.
16:00 of 3rd period - Shot Blocked by Anton Stralman.
16:02 of 3rd period - Shot by Erik Johnson.
16:02 of 3rd period - Stopped by Michal Neuvirth without a rebound.
16:03 of 3rd period - Brian Boyle wins face-off versus Jordan Staal in Devils zone.
16:28 of 3rd period - Josh Anderson is hit by Adam Pardy and loses puck.
17:08 of 3rd period - Shot by Markus Granlund.
17:08 of 3rd period - Stopped by Michal Neuvirth without a rebound.
17:09 of 3rd period - Tyler Bozak wins face-off versus Pavel Zacha in Devils zone.
17:14 of 3rd period - Shot by Patrick Sharp.
17:14 of 3rd period - Stopped by Michal Neuvirth without a rebound.
17:15 of 3rd period - Tyler Bozak wins face-off versus Pavel Zacha in Devils zone.
17:32 of 3rd period - Patrick Sharp is hit by Bryan Bickell and loses puck.
17:54 of 3rd period - Icing by Justin Schultz.
17:55 of 3rd period - Josh Jooris wins face-off versus Bryan Bickell in Devils zone.
18:00 of 3rd period - Shot by Markus Granlund.
18:00 of 3rd period - Shot Misses the Net.
18:02 of 3rd period - Shot by Roman Polak.
18:02 of 3rd period - Shot Misses the Net.
18:04 of 3rd period - Shot by Josh Jooris.
18:04 of 3rd period - Stopped by Michal Neuvirth without a rebound.
18:05 of 3rd period - Darren Helm wins face-off versus Lars Eller in Devils zone.
18:05 of 3rd period - Darren Helm is hit by Zack Kassian.
18:15 of 3rd period - Shot by Zack Kassian.
18:15 of 3rd period - Stopped by Michal Neuvirth without a rebound.
18:16 of 3rd period - Josh Jooris wins face-off versus Jordan Staal in Devils zone.
18:19 of 3rd period - Shot by Markus Granlund.
18:19 of 3rd period - Shot Misses the Net.
18:24 of 3rd period - Josh Jooris is hit by Steven Kampfer and loses puck.
18:29 of 3rd period - Shot by Josh Jooris.
18:29 of 3rd period - Shot Misses the Net.
18:43 of 3rd period - Shot by Jordan Staal.
18:43 of 3rd period - Stopped by Robin Lehner with a rebound.
18:51 of 3rd period - Steven Kampfer is hit by Josh Jooris and loses puck.
19:19 of 3rd period - Shot by Patrick Sharp.
19:19 of 3rd period - Shot Misses the Net.
19:21 of 3rd period - Shot by Patrick Sharp.
19:21 of 3rd period - Stopped by Michal Neuvirth without a rebound.
19:22 of 3rd period - Colin Wilson wins face-off versus Darren Helm in Devils zone.
19:46 of 3rd period - Shayne Gostisbehere is hit by Steven Santini and loses puck.
19:51 of 3rd period - Shot by Nikolay Kulemin.
19:51 of 3rd period - Deflect By Darren Helm.
19:51 of 3rd period - Shot Blocked by Steven Santini.
Goals for this period are 0 for Devils vs 1 for Islanders.
Shots for this period are 9 for Devils vs 15 for Islanders.